 Dungeon Crawl Stone Soup version 0.30-a0-365-ge7f957f1db (webtiles) character file.

Game seed: 11391776713010126672

551 Bnni the Poker (level 7, -16/56 HPs)
             Began as a Formicid Fighter on Nov 17, 2022.
             Was an Initiate of Yredelemnul.
             Demolished by an ogre
             ... wielding a +0 giant spiked club
              (25 damage)
             ... on level 6 of the Dungeon.
             The game lasted 00:04:38 (3393 turns).

Bnni the Poker (Formicid Fighter)                   Turns: 3393, Time: 00:04:39

Health: -16/56     AC:  6    Str: 22    XL:     7   Next: 54%
Magic:  9/9        EV:  9    Int:  8    God:    Yredelemnul [......]
Gold:   359        SH:  5    Dex: 13    Spells: 6/6 levels left

rFire   . . .      SeeInvis +    a - +0 trident
rCold   + . .      Faith    .    c - +0 buckler
rNeg    . . .      Spirit   .    b - +0 scale mail
rPois   .          Reflect  .    (helmet unavailable)
rElec   .          Harm     .    (no cloak)
rCorr   .          Rampage  .    (no gloves)
Will    +....                    (no boots)
Stlth   ..........               (no amulet)
HPRegen 0.29/turn                k - ring of willpower
MPRegen 0.11/turn                z - ring of protection from cold

@: no status effects
A: permanent stasis, dig shafts and tunnels, antennae 3, four strong arms
a: Dig, Shaft Self, Renounce Religion, Recall Undead Harvest


You were on level 6 of the Dungeon.
You worshipped Yredelemnul.
Yredelemnul was noncommittal.
You visited 1 branch of the dungeon, and saw 6 of its levels.

You collected 359 gold pieces.

Inventory:

Hand Weapons
 a - a +0 trident (weapon)
 t - a +0 lajatang
Missiles
 y - 2 poisoned darts
Armour
 b - a +0 scale mail (worn)
 c - a +0 buckler (worn)
Jewellery
 k - a ring of willpower (left hand)
 z - a ring of protection from cold (right hand)
Wands
 q - a wand of paralysis (19)
 r - a wand of roots (2)
 w - a wand of quicksilver (3)
Scrolls
 e - a scroll of immolation {unknown}
 i - 3 scrolls of identify {unknown}
 j - a scroll of enchant armour {unknown}
 l - 3 scrolls of teleportation {unknown}
 m - a scroll of enchant weapon {unknown}
 p - a scroll of poison {unknown}
 u - a scroll of noise {unknown}
 v - a scroll of fear {unknown}
 C - a scroll of amnesia {unknown}
Potions
 d - 8 potions of might
 f - 3 potions of lignification {unknown}
 g - 4 potions of curing {unknown}
 h - a potion of brilliance {unknown}
 n - a potion of ambrosia {unknown}
 o - a potion of flight {unknown}
 s - 3 potions of heal wounds {unknown}
 x - a potion of haste {unknown}
 A - a potion of berserk rage {unknown}
 B - a potion of degeneration {unknown}


   Skills:
 + Level 5.2 Fighting
 * Level 5.6 Polearms
 - Level 3.2 Armour
 - Level 5.0 Shields
 + Level 3.2 Invocations


You had 6 spell levels left.
You didn't know any spells.
Your spell library contained the following spells:

 Spells                   Type           Power      Damage    Failure   Level
 Foxfire                  Conj/Fire      0%         2x1d4     80%         1
 Scorch                   Fire           0%         2d5       91%         2
 Flame Wave               Conj/Fire      0%         2d4       100%        4
 Fireball                 Conj/Fire      0%         3d3       100%        5
 Starburst                Conj/Fire      0%         6d3       100%        6
 Summon Cactus Giant      Summ           0%         N/A       100%        6


Dungeon Overview and Level Annotations

Branches:
Dungeon (6/15)
 Temple: D:4-7

Altars:
Trog
Yredelemnul

Shops:
D:4 *


Innate Abilities, Weirdness & Mutations

You cannot be hasted, slowed, berserked, paralysed or teleported.
You can dig through walls and to a lower floor.
You have a pair of large antennae on your head. (SInv)
Your four strong arms can wield two-handed weapons with a shield.


Message History

You swap places.
You swap places.
Found a stone staircase leading up.
You swap places.
You swap places.
You swap places.
There is a stone staircase leading up here.
Done exploring.
Done exploring.
There is a stone staircase leading down here.
You climb downwards.
Your mindless puppet stays behind to rot.
There is a stone staircase leading up here.
You sense a monster nearby.
An ogre comes into view. It is wielding a +0 giant spiked club.
An ogre is nearby!
The ogre shouts!
You puncture the ogre!
The ogre is moderately wounded.
You block the ogre's attack.
You barely miss the ogre.
The ogre is moderately wounded.
You puncture the ogre!
The ogre is heavily wounded.
The ogre hits you with a +0 giant spiked club!
You barely miss the ogre.
The ogre is heavily wounded.
The ogre hits you with a +0 giant spiked club!
You puncture the ogre!
The ogre is almost dead.
You hit the ogre.
The ogre is almost dead.
The ogre hits you with a +0 giant spiked club!!
Ouch! That really hurt!
* * * LOW HITPOINT WARNING * * *
You closely miss the ogre.
The ogre is almost dead.
The ogre hits you with a +0 giant spiked club!!
You die...
Your body rises from the dead as a mindless zombie. ################### #.O@.............<# #.################# #

You could see an ogre.

Vanquished Creatures
  The ghost of Zarkath the Magician, an amateur DjNe of Makhleb (D:4)
  A water moccasin (D:5)
  A hound (D:4)
  An iguana (D:4)
  2 orc wizards (D:5)
  3 adders
  A white imp (D:5)
  A worm (D:2)
  4 dart slugs
  7 orcs
  5 bats
  3 endoplasms (D:2)
  8 goblins
  8 hobgoblins
  4 quokkas
  4 ball pythons
  3 kobolds
  8 rats
65 creatures vanquished.

Vanquished Creatures (collateral kills)
  3 adders
  A worm (D:2)
  2 dart slugs
  A goblin (D:3)
  A kobold (D:4)
8 creatures vanquished.

Vanquished Creatures (others)
  2 adder zombies (D:4)
  A ball python zombie (D:4)
  2 dart slug zombies (D:4)
  An endoplasm zombie (D:2)
  A goblin zombie (D:2)
  2 hobgoblin zombies
  A kobold zombie (D:4)
  A plant (D:1)
11 creatures vanquished.

Grand Total: 84 creatures vanquished

Notes
Turn   | Place    | Note
-------+----------+-------------------------------------------
     0 | D:1      | Bnni the Formicid Fighter began the quest for the Orb.
     0 | D:1      | Reached XP level 1. HP: 18/18 MP: 1/1
   212 | D:1      | Reached XP level 2. HP: 24/24 MP: 2/2
   593 | D:1      | Reached XP level 3. HP: 29/29 MP: 3/3
   600 | D:1      | Found a faded altar of an unknown god.
   866 | D:1      | Prayed at the altar of an unknown god.
   866 | D:1      | Became a worshipper of Yredelemnul the Dark
  1003 | D:2      | Reached * piety under Yredelemnul
  1005 | D:2      | Reached XP level 4. HP: 24/37 MP: 4/4
  1915 | D:4      | Reached skill level 5 in Shields
  1915 | D:4      | Reached XP level 5. HP: 41/42 MP: 5/5
  2163 | D:4      | Reached skill level 1 in Invocations
  2188 | D:4      | Found a large runed translucent door.
  2188 | D:4      | Found a large runed translucent door.
  2350 | D:4      | Found Vuottai's Assorted Antiques.
  2508 | D:4      | Reached ** piety under Yredelemnul
  2531 | D:4      | Noticed Zarkath's ghost (amateur DjNe)
  2557 | D:4      | Killed Zarkath's ghost
  2558 | D:4      | Reached skill level 5 in Polearms
  2558 | D:4      | Reached XP level 6. HP: 33/50 MP: 5/7
  2558 | D:4      | Reached XP level 7. HP: 36/55 MP: 5/8
  2648 | D:5      | Entered Level 5 of the Dungeon
  2677 | D:5      | Reached skill level 5 in Fighting
  2748 | D:5      | Found a bloodstained altar of Trog.
  2929 | D:5      | Noticed a water moccasin
  2936 | D:5      | Killed a water moccasin
  3393 | D:6      | Demolished by an ogre

Illustrated notes

Levels and vault maps discovered:
D:1:      kennysheep_arrival_seaside, layout_loops_cross,
          shapermc_ecumenical_altar_mp_ritualfount, feat_on_display
D:2:      layout_rooms
D:3:      layout_rooms
D:4:      layout_gridville, serial_shops, shop, ebering_ghost_disaster_area
D:5:      layout_loops_ring, mainiacjoe_overflow_small_starburst,
          hangedman_abyss_or_decor_passed
D:6:      layout_basic, mainiacjoe_overflow_cross_hatched,
          minmay_temple_entry_mist

Skill      XL: |  1  2  3  4  5  6  7 |
---------------+----------------------+-----
Polearms       | 3 5 |  5.6
Fighting       | 4 5 |  5.2
Shields        | 5 |  5.0
Invocations    | 2 3 |  3.2
Armour         | |  3.2

Action                   |  1- 3 |  4- 6 |  7- 9 || total
-------------------------+-------+-------+-------++-------
Melee: Trident           |    85 |   101 |    36 ||   222
Invok: Recall Undead Har |       |     1 |       ||     1
Evoke: Wand              |       |       |     1 ||     1
 Stab: Distracted        |       |     1 |       ||     1
       Paralysed         |       |       |     4 ||     4
Armor: Scale mail        |    42 |    34 |     3 ||    79
Dodge: Dodged            |    29 |    35 |     5 ||    69
Block: Buckler           |    23 |    12 |     2 ||    37

Table legend: (Time is in decaauts)
 A = Elapsed time spent in this place.
 B = Non-inter-level travel time spent in this place.
 C = Inter-level travel time spent in this place.
 D = Time resting spent in this place.
 E = Time spent auto-exploring this place.
 F = Levels seen in this place.
 G = Mean time per level.
                   A        B        C        D        E       F      G
               +--------+--------+--------+--------+--------+-----+--------+
         Total |   3431 |   3261 |    170 |      0 |   2728 |   6 |  571.8 |
       Dungeon |   3431 |   3261 |    170 |      0 |   2728 |   6 |  571.8 |
               +--------+--------+--------+--------+--------+-----+--------+

Top non-repeatable levels by time:
     D:4: 918 daAuts
     D:1: 894 daAuts
     D:5: 725 daAuts
     D:2: 456 daAuts
     D:3: 416 daAuts
     D:6: 21 daAuts
